 Dungeon Crawl Stone Soup version 0.31-a0-229-g1fc7ce93e2 (webtiles) character file.

Game seed: 8333324040852139864

203 qw the Shooter (level 5, -4/32 HPs)
             Began as a Gargoyle Hexslinger on July 6, 2023.
             Slain by an ogre
             ... wielding a +0 giant spiked club
              (11 damage)
             ... on level 4 of the Dungeon.
             The game lasted 00:01:17 (2902 turns).

qw the Shooter (Gargoyle Hexslinger)                Turns: 2902, Time: 00:01:17

Health: -4/32      AC: 13    Str: 12    XL:     5   Next: 81%
Magic:  0/6        EV: 10    Int: 13    God:
Gold:   194        SH:  0    Dex: 14    Spells: 5/6 levels left

rFire   . . .        Y - +2 sling
rCold   . . .        (no shield)
rNeg    + . .        a - +0 ring mail
rPois   inf          (no helmet)
rElec   +            k - +0 cloak
rCorr   .            (no gloves)
SInv    .            f - +2 pair of boots
Will    .....        b - amulet of guardian spirit
Stlth   +            (no ring)
HPRegen 0.25/turn    (no ring)
MPRegen 0.10/turn

%: guardian spirit
@: about to teleport, attractive, hasted, very quick
A: sickness immunity, AC +4, negative energy resistance 1, electricity
resistance, torment resistance 1, petrification resistance
a: no special abilities


You were on level 4 of the Dungeon.
You visited 1 branch of the dungeon, and saw 5 of its levels.

You collected 194 gold pieces.


Innate Abilities, Weirdness & Mutations

You are immune to sickness and miasma.
Your stone body is resilient. (AC +4)
You are immune to poison.
You resist negative energy. (rN+)
You are resistant to electric shocks. (rElec)
You are resistant to unholy torment.
You are immune to petrification.


   Skills:
 - Level 3.0 Fighting
 + Level 5.0 Ranged Weapons
 - Level 1.0 Armour
 - Level 1.5 Dodging
 - Level 1.0 Spellcasting
 - Level 2.6 Hexes


You had 5 spell levels left.
You knew the following spells:

 Your Spells              Type           Power      Damage    Failure   Level
a - Slow                  Hex            28%        N/A       22%         1

Your spell library contained the following spells:

 Spells                   Type           Power      Damage    Failure   Level
 Inner Flame              Hex/Fire       4%         N/A       73%         3
 Portal Projectile        Hex/Tloc       8%         N/A       73%         3
 Cause Fear               Hex            3%         N/A       91%         4

Inventory:

Hand Weapons
 Y - a +2 sling (weapon)
Armour
 a - a +0 ring mail (worn)
 f - a +2 pair of boots (worn)
 k - a +0 cloak (worn)
Jewellery
 b - an amulet of guardian spirit (around neck)
Scrolls
 j - a scroll of identify
Potions
 c - a potion of berserk rage {unknown}
 d - a potion of haste
 h - a potion of curing {unknown}
 i - a potion of enlightenment {unknown}
 l - a potion of heal wounds {unknown}
 m - a potion of magic {unknown}

Dungeon Overview and Level Annotations

Branches:
Dungeon (5/15)
 Temple: D:4-7

Altars:
Gozag
Kikubaaqudgha
Uskayaw
Vehumet

Annotations:
D:4 3 runed translucent doors, qw's ghost, amateur MiHs


Message History

You climb downwards.
The ogre shouts!
The ogre is attracted toward you.
Found 6 stones, a flail, a mace and a brown potion.
There is a stone staircase leading up here.
An ogre is nearby!
Waypoint 4 assigned to D:5.
You shoot a sling bullet. The sling bullet hits the ogre.
The ogre is lightly wounded.
The ogre is attracted toward you.
You shoot a sling bullet.
The sling bullet barely misses the ogre.
The ogre is attracted toward you.
You shoot a sling bullet.
The sling bullet barely misses the ogre.
The ogre hits you with a +0 giant spiked club!
2898 ||| STAIRDANCE You climb upwards.
Level annotation: 3 runed translucent doors, qw's ghost, amateur MiHs
There is a stone staircase leading down here.
Enter note:
Enter note:
Enter note:
Enter note:
Enter note:
Enter note:
Enter note:
Enter note:
Enter note: You shoot a sling bullet.
The sling bullet hits the ogre.
The ogre is heavily wounded.
The ogre hits you with a +0 giant spiked club!!
Ouch! That really hurt!
2901 ||| READING scroll of teleportation.
As you read the scroll of teleportation, it crumbles to dust.
You feel strangely unstable.
You shoot a sling bullet. The sling bullet hits the ogre.
The ogre is heavily wounded.
The ogre hits you with a +0 giant spiked club!
You die...

#..#..##+++##.....###
##...##.$WYW###.....#
##..#..._W..##.....#
##.#8$$8.$8##.....#
###.$.$.$.#......#
##.8\8\##..#####
#######...# #..O####
#..@...# ########


You could see an ogre.

Vanquished Creatures
  A jelly (D:4)
  2 orc wizards
  5 adders
  A worm (D:4)
  6 orcs
  7 ball pythons
  11 endoplasms
  4 giant cockroaches
  3 goblins
  4 hobgoblins
  7 jackals (D:1)
  4 quokkas
  6 bats
  6 frilled lizards
  3 kobolds
  5 rats
75 creatures vanquished.

Notes
Turn   | Place    | Note
-------+----------+-------------------------------------------
     0 | D:1      | qw the Gargoyle Hexslinger began the quest for the Orb.
     0 | D:1      | Reached XP level 1. HP: 12/12 MP: 2/2
     0 | D:1      | 0 ||| qw: Version: 0.3-a-46-gb1f654a
     0 | D:1      | 0 ||| qw: Game counter: 1112
     0 | D:1      | 0 ||| qw: Melee chars always use a shield: true
     0 | D:1      | 0 ||| qw: God list: Okawaru
     0 | D:1      | 0 ||| qw: Allow faded altars: false
     0 | D:1      | 0 ||| qw: Do Orc after clearing Dungeon:15 true
     0 | D:1      | 0 ||| qw: Do second Lair branch before Depths: true
     0 | D:1      | 0 ||| qw: Lair rune preference: random
     0 | D:1      | 0 ||| qw: Goals: Normal
     0 | D:1      | 0 ||| PLANNING D:1-11
    72 | D:1      | 72 ||| FLEEEEING.
    73 | D:1      | 73 ||| FLEEEEING.
    74 | D:1      | 74 ||| FLEEEEING.
    75 | D:1      | 75 ||| FLEEEEING.
    76 | D:1      | 76 ||| FLEEEEING.
    77 | D:1      | 77 ||| FLEEEEING.
    78 | D:1      | 78 ||| FLEEEEING.
    79 | D:1      | 79 ||| FLEEEEING.
   103 | D:1      | Reached XP level 2. HP: 16/16 MP: 3/3
   180 | D:1      | Reached skill level 3 in Ranged Weapons
   319 | D:1      | Found a faded altar of an unknown god.
   325 | D:1      | Reached XP level 3. HP: 17/21 MP: 4/4
   671 | D:1      | 671 ||| UPGRADING to +0 leather armour.
   681 | D:1      | 681 ||| DROPPING +0 robe.
   682 | D:1      | 682 ||| READING scroll labelled HIGURE JEIGEUS.
   687 | D:1      | 687 ||| READING scroll labelled SAMAMO NYUTA.
   688 | D:1      | 688 ||| READING scroll labelled EVIAFO UMIXI.
   689 | D:1      | 689 ||| DROPPING scroll of poison.
   797 | D:2      | Found an ancient bone altar of Kikubaaqudgha.
   900 | D:2      | Reached XP level 4. HP: 25/26 MP: 5/5
   921 | D:2      | Reached skill level 4 in Ranged Weapons
  1414 | D:2      | 1414 ||| UPGRADING to amulet of guardian spirit.
  1419 | D:2      | 1419 ||| READING scroll labelled XAASORRUIC.
  1420 | D:2      | 1420 ||| READING scroll labelled PACSIDU JUEHO.
  1577 | D:3      | 1577 ||| FLEEEEING.
  1579 | D:3      | 1579 ||| STAIRDANCE
  1604 | D:2      | HP: 6/26 [orc wizard/+0 dagger (2)]
  1613 | D:2      | HP: 5/26 [orc wizard/+0 dagger (2)]
  1697 | D:2      | 1697 ||| READING scroll labelled AGILYGRIDYU.
  1702 | D:3      | 1702 ||| STAIRDANCE
  1708 | D:2      | Reached XP level 5. HP: 14/30 MP: 3/6
  1774 | D:2      | 1774 ||| UPGRADING to +0 ring mail.
  1784 | D:2      | 1784 ||| DROPPING +0 leather armour.
  2274 | D:3      | 2274 ||| UPGRADING to +2 pair of boots.
  2279 | D:3      | 2279 ||| UPGRADING to +0 cloak.
  2284 | D:3      | 2284 ||| READING scroll labelled CELICU UCIMAON.
  2350 | D:4      | Found a hide-covered altar of Uskayaw.
  2357 | D:4      | Found an ancient bone altar of Kikubaaqudgha.
  2381 | D:4      | Reached skill level 1 in Armour
  2396 | D:4      | Reached skill level 5 in Ranged Weapons
  2534 | D:4      | Found a radiant altar of Vehumet.
  2560 | D:4      | Found a runed translucent gate.
  2561 | D:4      | Found a runed translucent gate.
  2562 | D:4      | Found a runed translucent gate.
  2562 | D:4      | Found an opulent altar of Gozag.
  2562 | D:4      | Noticed a yak
  2563 | D:4      | Noticed a phantom
  2564 | D:4      | Noticed qw's ghost (amateur MiHs)
  2742 | D:4      | Reached skill level 3 in Fighting
  2875 | D:4      | 2875 ||| READING scroll labelled DOPRYF LONT.
  2876 | D:4      | 2876 ||| DRINKING 2 murky orange potions.
  2877 | D:4      | 2877 ||| DRINKING 2 metallic pink potions.
  2878 | D:4      | 2878 ||| DROPPING potion of attraction.
  2894 | D:5      | Entered Level 5 of the Dungeon
  2894 | D:5      | Noticed an ogre
  2898 | D:5      | 2898 ||| STAIRDANCE
  2900 | D:4      | HP: 7/32 [ogre/+0 giant spiked club (16)]
  2901 | D:4      | 2901 ||| READING scroll of teleportation.
  2902 | D:4      | Slain by an ogre

Levels and vault maps discovered:
D:1:      sevenhm_arrival_forest_fort_large_4, layout_rooms,
          hellmonk_ecumenical_altar_dog_temple
D:2:      layout_basic, basic_altar
D:3:      layout_basic, serial_curves, eino_curves_02, eino_curves_04
D:4:      layout_basic, mainiacjoe_overflow_surrounded_room,
          grunt_temple_overflow_open, ebering_ghost_gozag, grunt_decor_cap
D:5:      layout_cave_pods

Skill      XL: |  1  2  3  4  5 |
---------------+----------------+-----
Ranged Weapons | 3 4 5 |  5.0
Fighting       | 2 3 |  3.0
Armour         | 1 |  1.0
Dodging        | |  1.5
Spellcasting   | |  1.0
Hexes          | |  2.6

Action                     |  1- 3 |  4- 6 || total
---------------------------+-------+-------++-------
   Fire: Sling             |   113 |   144 ||   257
    Use: Scroll            |     3 |     6 ||     9
         Potion            |       |     2 ||     2
 Armour: Robe              |    31 |       ||    31
         Leather armour    |     5 |    25 ||    30
         Ring mail         |       |    41 ||    41
  Dodge: Dodged            |    70 |    70 ||   140

Table legend:
 A = Non-vault XP
 B = Vault XP
 C = Vault XP percentage of total XP
 D = Non-vault monster count
 E = Vault monster count
 F = Vault count percentage of total count
                 A         B        C        D         E       F
            +---------+---------+-------+---------+---------+-------
      Total |     286 |       4 |   1.4 |      73 |       2 |   2.7
            +---------+---------+-------+---------+---------+-------
        D:1 |      43 |       4 |   8.5 |      26 |       2 |   7.1
        D:2 |     103 |       0 |   0.0 |      21 |       0 |   0.0
        D:3 |      19 |       0 |   0.0 |      10 |       0 |   0.0
        D:4 |     121 |       0 |   0.0 |      16 |       0 |   0.0
            +---------+---------+-------+---------+---------+-------
